 Dungeon Crawl Stone Soup version 0.30.1 (webtiles) character file.

Game seed: 16760779749200907315

70 Graphine the Chopper (level 4, -6/40 HPs)
             Began as a Hill Orc Monk on July 5, 2023.
             Mangled by a water moccasin (7 damage)
             ... on level 3 of the Dungeon.
             The game lasted 00:02:46 (1889 turns).

Graphine the Chopper (Hill Orc Monk)                Turns: 1889, Time: 00:02:46

Health: -6/40      AC:  4    Str: 15    XL:     4   Next: 21%
Magic:  4/4        EV: 12    Int: 10    God:
Gold:   82         SH:  0    Dex: 13    Spells: 3/3 levels left

rFire   + . .        k - +2 dagger (venom)
rCold   + . .        d - orb {light}
rNeg    . . .        b - +1 robe
rPois   +            f - +0 helmet
rElec   +            (no cloak)
rCorr   +            (no gloves)
SInv    .            (no boots)
Will    .....        (no amulet)
Stlth   +            e - ring of flight
HPRegen 0.26/turn    n - ring of wizardry
MPRegen 0.09/turn

%: wizardry (x1)
@: lethally poisoned (-6 -> -14), resistant, flying, glowing
A: no striking features
a: no special abilities


You were on level 3 of the Dungeon.
You visited 1 branch of the dungeon, and saw 3 of its levels.

You collected 82 gold pieces.

Inventory:

Hand Weapons
 a - a +1 hand axe
 h - a +2 dagger of freezing
 k - a +2 dagger of venom (weapon)
Armour
 b - a +1 robe (worn)
 d - an orb of light (worn)
 f - a +0 helmet (worn)
Jewellery
 e - a ring of flight (left hand)
 n - a ring of wizardry (right hand)
Scrolls
 c - a scroll of enchant armour
 j - a scroll of teleportation {unknown}
 o - a scroll of enchant weapon
Potions
 i - 2 potions of haste


   Skills:
 + Level 4.2 Fighting
 * Level 5.1 Axes
 + Level 1.5 Armour
 + Level 2.8 Dodging


You had 3 spell levels left.
You didn't know any spells.
Your spell library was empty.

Dungeon Overview and Level Annotations

Branches:
Dungeon (3/15)

Altars:


Message History

You are poisoned.
The water moccasin poisons you!
Hit: k) +2 dagger (venom)
Press: ? - help, Dir - move target, f/p - water moccasin
Aim: a water moccasin (lightly wounded, haloed, about 34% to evade your +2 dagger of venom)
You barely miss the water moccasin.
The water moccasin is lightly wounded.
You feel very sick. The water moccasin closely misses you.
Hit: k) +2 dagger (venom)
Press: ? - help, Dir - move target, f/p - water moccasin
Aim: a water moccasin (lightly wounded, haloed, about 34% to evade your +2 dagger of venom)
You closely miss the water moccasin.
The water moccasin is lightly wounded.
You feel sick.
The water moccasin bites you but does no damage.
The water moccasin barely misses you.
Hit: k) +2 dagger (venom)
Press: ? - help, Dir - move target, f/p - water moccasin
Aim: a water moccasin (lightly wounded, haloed, about 34% to evade your +2 dagger of venom)
You hit the water moccasin.
The water moccasin is moderately wounded.
You feel sick. The water moccasin bites you.
You are lethally poisoned!
The water moccasin poisons you!
Hit: k) +2 dagger (venom)
Press: ? - help, Dir - move target, f/p - water moccasin
Aim: a water moccasin (moderately wounded, haloed, about 34% to evade your +2 dagger of venom)
You closely miss the water moccasin.
The water moccasin is moderately wounded.
* * * LOW HITPOINT WARNING * * *
You feel very sick. The water moccasin bites you.
* * * LOW HITPOINT WARNING * * *
It was a potion of resistance.
You feel protected.
* * * LOW HITPOINT WARNING * * *
You feel sick. The water moccasin barely misses you.
The water moccasin bites you!
You die...

####.#..........##
######.#..#########..#
#.#.)..)#.# #...#
#..#.###### #.#.##
#.####.#..# #.#..#
#.#.....#.# #.##.#
#..#.####.# #.##..
######S#..# .<###.
#....@#.# ##
#..#.###### # # # # #.
#.. #.# #.


You could see a water moccasin.

Vanquished Creatures
  2 adders (D:2)
  A worm (D:2)
  3 dart slugs (D:2)
  7 ball pythons
  2 endoplasms
  A giant cockroach (D:2)
  4 goblins
  2 hobgoblins
  5 jackals (D:1)
  5 kobolds
  3 bats (D:2)
  3 frilled lizards
  7 rats
45 creatures vanquished.

Notes
Turn   | Place    | Note
-------+----------+-------------------------------------------
     0 | D:1      | Graphine the Hill Orc Monk began the quest for the Orb.
     0 | D:1      | Reached XP level 1. HP: 19/19 MP: 1/1
   169 | D:1      | Reached XP level 2. HP: 13/27 MP: 2/2
   654 | D:1      | Reached skill level 1 in Armour
   907 | D:2      | Reached XP level 3. HP: 33/33 MP: 3/3
  1413 | D:2      | Reached skill level 5 in Axes
  1637 | D:2      | Reached XP level 4. HP: 20/40 MP: 4/4
  1874 | D:3      | Noticed a water moccasin
  1889 | D:3      | HP: 1/40 [poisoned by a water moccasin]
  1889 | D:3      | Mangled by a water moccasin

Illustrated notes

Levels and vault maps discovered:
D:1:      tekkud_arrival_beachfront_property, layout_basic
D:2:      layout_loops_ring
D:3:      minmay_angry_zag, layout_rooms, minmay_misc_feat_room,
          kennysheep_generic_room_14

Skill      XL: |  1  2  3 |
---------------+----------+-----
Armour         | 1 |  1.5
Fighting       | 4 |  4.2
Axes           | 5 |  5.1
Dodging        | |  2.8

Action                     |  1- 3 |  4- 6 || total
---------------------------+-------+-------++-------
  Melee: Hand axe          |   106 |     9 ||   115
         Dagger            |       |    10 ||    10
    Use: Scroll            |     1 |     4 ||     5
         Potion            |     1 |     1 ||     2
 Armour: Robe              |    20 |     6 ||    26
  Dodge: Dodged            |    66 |    14 ||    80
